 Dungeon Crawl Stone Soup version 0.31.0-11-ge490571c62 (webtiles) character file.

Game seed: 11335995197681060445

14 dannycarnage the Trooper (level 2, 0/27 HPs)
             Began as a Hill Orc Monk on Jan 29, 2024.
             Slain by a quokka (2 damage)
             ... on level 2 of the Dungeon.
             The game lasted 00:01:59 (558 turns).

dannycarnage the Trooper (Hill Orc Monk)             Turns: 558, Time: 00:02:00

Health: 0/27       AC:  2    Str: 13    XL:     2   Next: 45%
Magic:  2/2        EV: 12    Int: 10    God:
Gold:   18         SH:  0    Dex: 13    Spells: 1/1 levels left

rFire   . . .        a - +0 short sword
rCold   . . .        d - orb {light}
rNeg    . . .        b - +0 robe
rPois   .            (no helmet)
rElec   .            (no cloak)
rCorr   .            (no gloves)
SInv    .            (no boots)
Will    .....        (no amulet)
Stlth   +            (no ring)
HPRegen 0.24/turn    (no ring)
MPRegen 0.08/turn

%: no passive effects
@: glowing
A: no striking features
a: no special abilities


You were on level 2 of the Dungeon.
You visited 1 branch of the dungeon, and saw 2 of its levels.

You collected 18 gold pieces.

Inventory:

Hand Weapons
 a - a +0 short sword (weapon)
Armour
 b - a +0 robe (worn)
 d - an orb of light (worn)
Scrolls
 f - a scroll of identify {unknown}
 i - a scroll of fear {unknown}
Potions
 c - a potion of ambrosia
 e - a potion of magic {unknown}
 g - a potion of degeneration {unknown}
 h - 4 potions of curing {unknown}


   Skills:
 + Level 4.0 Fighting
 + Level 3.3 Short Blades
 + Level 2.6 Dodging


You had one spell level left.
You didn't know any spells.
Your spell library was empty.

Dungeon Overview and Level Annotations

Branches:
Dungeon (2/15)

Altars:

Shops:
D:2 =


Message History

A goblin is nearby!
The goblin shoots a sling bullet.
The sling bullet barely misses you.
A goblin comes into view. It is wielding a +0 dagger.
The goblin shouts!
The goblin shoots a sling bullet.
The sling bullet barely misses you.
The goblin shoots a sling bullet.
The sling bullet barely misses you.
A quokka comes into view.
The goblin shoots a sling bullet.
The sling bullet hits you.
The goblin shoots a sling bullet.
The sling bullet barely misses you. The goblin hits you with a +0 dagger.
You hit the goblin.
The goblin is heavily wounded.
The goblin barely misses you.
The goblin shoots a sling bullet.
The sling bullet hits you.
You hit the goblin.
The goblin is severely wounded.
The goblin closely misses you.
The goblin shoots a sling bullet.
The sling bullet misses you.
You hit the goblin.
You kill the goblin!
The quokka bites you.
Your Fighting skill increases to level 4!
The quokka closely misses you.
You see here a +0 dagger.
The quokka misses you.
The goblin shoots a sling bullet.
The sling bullet closely misses you. The quokka closely misses you.
Found a stone staircase leading down.
The quokka attacks as it pursues you! The quokka bites you.
The goblin shoots a sling bullet.
The sling bullet misses you. The quokka attacks as it pursues you!
The quokka bites you. x2
* * * LOW HITPOINT WARNING * * *
The quokka attacks as it pursues you! The quokka closely misses you.
The quokka bites you.
* * * LOW HITPOINT WARNING * * *
The quokka attacks as it pursues you! The quokka bites you.
* * * LOW HITPOINT WARNING * * *
The quokka attacks as it pursues you!
The quokka bites you but does no damage.
The quokka bites you.
You die...

#≈≈.....#........##.
#≈≈....)#........##.
#≈.~....#........##.
#######.#........##.
........#
#.....+........##.
+........#
#.>...#...........
#........#
#.....#...........
#........#
#.....#........##.
#........#
#@....#####.......
#........# #.r...#
#.#####.
#........#############.#
#.
#......................#
#.
#........###########.#.#
## #........# #.#.#
#......[.# #.#.#
####.##### #.#.# #.#
#.#.#


You could see a quokka.

Vanquished Creatures
  A giant cockroach (D:2)
  5 goblins
  3 hobgoblins
  A quokka (D:2)
  2 frilled lizards (D:1)
  A kobold (D:2)
13 creatures vanquished.

Notes
Turn   | Place    | Note
-------+----------+-------------------------------------------
     0 | D:1      | dannycarnage the Hill Orc Monk began the quest for the Orb.
     0 | D:1      | Reached XP level 1. HP: 19/19 MP: 1/1
   171 | D:2      | Reached XP level 2. HP: 24/27 MP: 2/2
   447 | D:2      | Found Diuph's Jewellery Emporium.
   545 | D:2      | Reached skill level 4 in Fighting
   555 | D:2      | HP: 1/27 [quokka (1)]
   558 | D:2      | Slain by a quokka

Illustrated notes

Levels and vault maps discovered:
D:1:      scummos_arrival_simple_fountains, layout_loops_ring
D:2:      layout_basic, basic_altar, serial_shops, nicolae_shop_back_alley_shop,
          minmay_goblin_outpost

Skill      XL: |  1  2 |
---------------+-------+-----
Fighting       | 4 |  4.0
Short Blades   | |  3.3
Dodging        | |  2.6

Action                     || total
---------------------------++-------
  Melee: Short sword       ||    53
 Armour: Robe              ||    30
  Dodge: Dodged            ||    30
